Map: Frozen Temple

Players

Silence

  • Race: Zerg Zerg

Miszu - Winner!

  • Race: Terran Terran
  • League: Master

VOD

Have the link to the VOD?

Description

Time

  • Played on: May 2, 2016, 4:44 p.m.
  • Length: 13:31
Show
View Real Time Build Order
Export as new Build Order

Silence Zerg 

Build Orders: Pool First 

Get SALT Encoding   

  12  0:01  Drone  
  13  0:08  Drone  
  14  0:18  Overlord  
  14  0:22  Extractor  
  14  0:24  Drone  
  15  0:37  Drone x2  
  17  0:45  Extractor, Drone  
  17  0:52  Spawning Pool  
  17  0:56  Drone  
  17  1:06  Drone  
  18  1:18  Hatchery  
  17  1:39  Zergling x6  
  20  1:41  Queen  
  22  1:47  Metabolic Boost  
  22  1:54  Overlord  
  22  2:14  Drone  
  22  2:15  Drone  
  24  2:17  Queen  
  26  2:28  Drone  
  27  2:32  Queen  
  27  2:35  Drone  
  29  2:58  Lair  
  28  2:59  Drone x7  
  35  3:09  Overlord  
  35  3:15  Drone  
  36  3:28  Drone x4  
  36  3:29  Drone  
  40  3:38  Baneling Nest  
  40  3:39  Extractor, Drone x2  
  40  3:40  Queen  
  42  3:42  Drone x2  
  44  3:49  Overlord  
  44  4:07  Queen  
  46  4:16  Nydus Network, Queen  
  47  4:18  Zergling x10  
  52  4:28  Overlord x2  
  52  4:38  Baneling x3  
  52  4:46  Queen  
  52  4:51  Queen  
  56  4:58  Nydus Canal  
  53  5:08  Zergling x28  
  66  5:18  Nydus Canal  
  66  5:19  Zergling x2  
  66  5:25  Zergling x2  
  67  5:31  Queen  
  67  5:34  Queen  
  67  5:35  Overseer  
  64  5:46  Zergling x8  
  64  5:49  Zergling x2  
  65  5:54  Zergling x2  
  65  5:55  Zergling x6  
  60  5:57  Overseer  
  60  6:01  Zergling x2  
  60  6:02  Zergling x6  
  63  6:05  Nydus Canal  
  63  6:06  Zergling x4, Queen  
  63  6:09  Baneling  
  67  6:14  Baneling x2  
  67  6:15  Zergling x2  
  52  6:35  Zergling x10  
  52  6:37  Nydus Canal  
  45  6:40  Zergling x2  
  45  6:45  Queen x2  
  48  6:49  Zergling x2  
  48  6:50  Zergling x2  
  48  6:51  Zergling x2, Nydus Canal  
  50  6:56  Hatchery  
  50  6:59  Baneling x3  
  49  7:03  Baneling  
  49  7:04  Overlord  
  49  7:06  Zergling x4  
  51  7:18  Nydus Canal  
  51  7:20  Queen x2  
  55  7:28  Baneling x3  
  55  7:29  Zergling x10  
  59  7:38  Drone x4  
  59  7:39  Extractor x2  
  61  7:55  Drone x8  
  69  8:11  Spire  
  68  8:15  Drone x5  
  73  8:27  Extractor x2  
  71  8:41  Drone x3  
  71  8:43  Spore Crawler  
  71  8:44  Drone x8  
  71  8:45  Spore Crawler  
  78  9:24  Nydus Canal  
  66  9:33  Mutalisk x2  
  66  9:34  Mutalisk x6  
  73  9:45  Nydus Canal  
  67  9:46  Mutalisk x3  
  67  9:48  Zergling x8  
  70  10:07  Nydus Canal  
  70  10:10  Mutalisk  
  70  10:14  Zergling x6  
  75  10:23  Nydus Canal  
  75  10:29  Hatchery  
  66  10:44  Drone x2  
  68  10:57  Hydralisk Den  
  68  10:58  Pneumatized Carapace, Evolution Chamber  
  68  11:01  Evolution Chamber  
  65  11:27  Zerg Missile Weapons Level 1, Zerg Ground Armor Level 1, Muscular Augments  
  65  11:48  Drone  
  65  11:49  Overlord  
  65  11:50  Overlord x5  
  66  12:08  Overlord  
  66  12:09  Hydralisk x7  
  66  12:10  Hydralisk x2  
  66  12:13  Hydralisk  
  84  12:29  Hydralisk x3  
  86  12:37  Hydralisk  
  86  12:43  Hydralisk  
  90  12:50  Hydralisk x2  
  94  12:58  Hydralisk x2  
  96  13:01  Baneling x2  
Show
View Real Time Build Order
Export as new Build Order

Miszu Terran - Winner!

Build Orders: Reaper Expand, Hellion Banshee 

Get SALT Encoding   

  12  0:00  SCV  
  13  0:13  SCV  
  14  0:17  Supply Depot  
  14  0:25  SCV  
  15  0:39  SCV  
  15  0:40  Barracks  
  16  0:44  Refinery  
  16  0:51  SCV  
  17  1:03  SCV  
  18  1:16  SCV  
  19  1:28  Orbital Command  
  19  1:30  Reaper  
  20  1:42  Command Center  
  20  1:51  Supply Depot  
  20  1:55  SCV  
  21  2:02  Marine  
  21  2:07  SCV  
  23  2:14  Factory  
  23  2:18  Refinery  
  23  2:19  SCV  
  23  2:21  Barracks Reactor  
  24  2:31  SCV  
  25  2:43  SCV  
  25  2:55  SCV  
  25  3:02  Starport  
  25  3:07  SCV  
  25  3:08  Orbital Command  
  25  3:11  Hellion x2  
  30  3:15  Barracks Tech Lab  
  30  3:19  SCV  
  31  3:31  SCV  
  31  3:32  Hellion x2  
  36  3:38  SCV  
  37  3:43  SCV  
  37  3:45  Armory  
  38  3:49  Supply Depot  
  38  3:50  SCV  
  38  3:51  Cloaking Field, Banshee  
  43  4:02  SCV  
  43  4:07  SCV  
  44  4:10  Hellion  
  44  4:11  Hellion  
  44  4:12  Supply Depot  
  48  4:20  SCV  
  49  4:27  Command Center  
  49  4:28  SCV  
  50  4:32  SCV  
  50  4:37  Supply Depot  
  51  4:40  SCV, Banshee  
  51  4:44  SCV  
  56  4:52  Hellion x5, SCV  
  57  4:53  Hellion  
  57  4:56  Refinery, SCV  
  57  4:57  Refinery  
  57  4:59  Starport  
  58  5:00  Starport  
  58  5:09  Hellion x2  
  59  5:23  Banshee  
  61  5:33  Hellion  
  61  5:34  Hellion  
  57  5:47  SCV  
  46  5:55  Hellion x2  
  38  6:06  SCV x2, Orbital Command  
  38  6:09  Banshee  
  43  6:16  Hellion x2  
  43  6:18  SCV x2  
  49  6:29  Liberator  
  49  6:30  SCV x2  
  49  6:32  SCV  
  47  6:42  SCV  
  47  6:43  SCV  
  47  6:57  Hellion x2  
  47  6:59  SCV  
  52  7:11  SCV  
  52  7:14  SCV  
  54  7:17  SCV  
  54  7:18  Hellion x2  
  59  7:25  SCV  
  60  7:36  SCV  
  62  7:37  SCV x2  
  62  7:39  Hellion  
  62  7:40  Hellion  
  67  7:48  Starport, SCV  
  67  7:49  SCV x2  
  70  8:00  Starport Tech Lab, SCV  
  70  8:02  Terran Ship Weapons Level 1  
  72  8:05  SCV  
  72  8:07  Hellion x9  
  72  8:09  Orbital Command  
  73  8:12  SCV  
  73  8:13  Supply Depot  
  73  8:17  SCV  
  74  8:23  Banshee  
  74  8:24  Banshee  
  74  8:25  SCV  
  81  8:30  SCV  
  82  8:35  SCV  
  82  8:37  SCV, Factory Reactor  
  84  8:41  Fusion Core  
  84  8:42  SCV  
  84  8:44  Liberator  
  84  8:45  Engineering Bay  
  84  8:47  SCV  
  86  8:49  SCV  
  86  8:54  SCV  
  88  8:57  Refinery  
  88  8:58  Refinery  
  88  8:59  SCV  
  88  9:00  Liberator x2  
  88  9:01  SCV  
  93  9:17  Supply Depot x3  
  93  9:18  SCV x2  
  101  9:27  Liberator x2  
  101  9:32  Hellion x13  
  101  9:34  SCV x3  
  101  9:43  Liberator  
  107  9:46  SCV x3  
  107  9:50  Liberator  
  110  9:57  Missile Turret  
  110  9:58  SCV x3, Missile Turret  
  108  10:08  Missile Turret  
  108  10:10  SCV x2  
  108  10:13  Missile Turret  
  113  10:14  Missile Turret  
  113  10:18  SCV  
  114  10:25  SCV  
  114  10:30  Liberator x3  
  114  10:35  Liberator  
  110  10:39  SCV  
  110  10:42  SCV  
  119  10:51  SCV  
  119  10:55  Hyperflight Rotors  
  119  11:13  Liberator x2  
  119  11:17  Starport  
  119  11:19  Starport  
  119  11:20  Command Center x2  
  121  11:29  Supply Depot  
  121  11:30  Supply Depot  
  121  11:31  Supply Depot  
  125  11:34  Liberator  
  125  11:51  SCV  
  125  11:52  SCV x2  
  134  12:01  Liberator x2  
  134  12:03  SCV  
  141  12:32  Banshee  
  141  12:33  Banshee  
  147  12:39  Starport Tech Lab x2  
  144  12:44  Orbital Command  
  144  12:46  Command Center  
  144  12:48  Refinery  
  144  12:50  Refinery, Missile Turret x2  
Tags
 
Add a new tag
Caveats
  • Supply blocks, unpowered buildings, or Contaminate may cause inaccurate times.
  • Supply counts are checked every 10 seconds.